 Dungeon Crawl Stone Soup version 0.22-a0-612-gd2f0174 (webtiles) character file.

190 Supahsalami the Skirmisher (level 5, -6/42 HPs)
             Began as a Demonspawn Abyssal Knight on July 11, 2018.
             Was a Follower of Lugonu.
             Mangled by Pikel
             ... wielding a +1 whip of electrocution
              (13 damage)
             ... on level 3 of the Dungeon.
             The game lasted 00:15:36 (4684 turns).

Supahsalami the Skirmisher (DsAK)                   Turns: 4684, Time: 00:15:37

Health: -6/42      AC:  7    Str: 14    XL:     5   Next: 41%
Magic:  0/7        EV: 10    Int: 13    God:    Lugonu [*.....]
Gold:   50         SH:  3    Dex: 12    Spells: 4/4 levels left

rFire    . . .     SeeInvis .   a - +1 hand axe
rCold    . . .     Gourm    .   (no shield)
rNeg     . . .     Faith    .   r - +0 ring mail (curse)
rPois    +         Spirit   +   (helmet restricted)
rElec    .         Reflect  +   k - +0 cloak
rCorr    .         Harm     .   m - +0 pair of gloves
MR       +....                  (no boots)
Stlth    +.........             f - +3 amulet of reflection
HPRegen  0.14/turn              v - ring of poison resistance
MPRegen  0.10/turn              w - ring of protection from magic

@: no status effects
A: antennae 1, magic shield, rot immunity
a: Depart the Abyss, Renounce Religion


You were on level 3 of the Dungeon.
You worshipped Lugonu.
Lugonu was aware of your devotion.
You were not hungry.

You visited 1 branch of the dungeon, and saw 4 of its levels.
You visited the Abyss 1 time.

You collected 162 gold pieces.
You spent 112 gold pieces at shops.

Inventory:

Hand Weapons
 a - a +1 hand axe (weapon)
 b - a +5 dagger
 j - a +3 quarterstaff of chaos
Missiles
 d - 54 stones (quivered)
Armour
 h - a +0 leather armour
 k - a +0 cloak (worn)
 m - a +0 pair of gloves (worn)
 p - a +0 chain mail
 r - a cursed +0 ring mail (worn)
 u - a +2 leather armour of poison resistance
Jewellery
 f - a +3 amulet of reflection (around neck)
 o - an uncursed ring of wizardry
 v - a ring of poison resistance (left hand)
 w - a ring of protection from magic (right hand)
Wands
 t - a wand of digging (15)
Scrolls
 e - 3 scrolls of teleportation
 i - a scroll of immolation
Potions
 g - 2 potions of curing
 l - 4 potions of lignification
 s - a potion of might
Comestibles
 c - 6 rations


   Skills:
 + Level 3.9 Fighting
 * Level 3.4 Axes
 + Level 2.8 Armour
 - Level 1.0 Dodging
 + Level 3.8 Invocations


You had 4 spell levels left.
You didn't know any spells.
Your spell library was empty.

Dungeon Overview and Level Annotations

Branches:
Dungeon (4/15)
 Temple: D:4-7

Altars:
Elyvilon
Gozag
Sif Muna
Zin

Shops:
D:4 =!((

Annotations:
D:3 Edmund, Pikel


Innate Abilities, Weirdness & Mutations

You have a pair of small antennae on your head.
When hurt, damage is shared between your health and your magic reserves.
You are immune to rotting.


Message History

Pikel hits you with a whip of electrocution.
The slave misses you.
You hit Pikel but do no damage. You hit the slave but do no damage.
You block Pikel's attack. The slave hits you.
All of the chunks of flesh in your inventory have rotted away.
You slash Pikel!
Pikel is lightly wounded.
You hit the slave but do no damage.
Pikel hits you with a whip of electrocution!
The slave hits you!
* * * LOW HITPOINT WARNING * * *
You block Pikel's attack.
You closely miss Pikel.
Pikel is lightly wounded.
You closely miss the slave.
The slave shouts!
The slave hits you.
* * * LOW HITPOINT WARNING * * *
Pikel hits you but does no damage.
You are electrocuted!
You die...

#### #.....# #.# #####......# #
#########.# ### #.#....# #
#.......#.###.## #.#....# #
#.#####.#.##.#.## #.#....# #
#.#####.#...###.# #......#
#######....##.####.#.#####......#
.........#.##.# ###.##........#..
#######...p...###.......#..####.#
####.....K@...######## #..#
########p#### ##_## ##.#
#.##.##8...8###.#
#.##.##.....##...
#.##.#8(....8#...
#....##.....##...
####.##8..(8##.## #..##.....##.##
#.##8.....8#...


You could see Pikel and 2 slaves.

Vanquished Creatures
  2 slaves
  Crazy Yiuf (D:2)
  Jessica (D:2)
  Ijyb (D:3)
  5 adders
  An ooze (D:1)
  3 worms
  A dart slug (D:1)
  4 giant cockroaches
  5 goblins
  3 hobgoblins (D:1)
  2 jackals (D:1)
  6 kobolds
  A quokka (D:2)
  2 ball pythons
  5 bats
  8 frilled lizards
  9 rats
60 creatures vanquished.

Notes
Turn   | Place    | Note
-------+----------+-------------------------------------------
     0 | Abyss:1  | Supahsalami the Demonspawn Abyssal Knight began the quest for the Orb.
     0 | Abyss:1  | Reached XP level 1. HP: 18/18 MP: 2/2
   101 | Abyss:1  | Noticed a large abomination
   114 | Abyss:1  | Noticed a starcursed mass
   131 | Abyss:1  | Noticed a small abomination
   131 | Abyss:1  | Noticed a smoke demon
   134 | D:1      | Escaped the Abyss
   537 | D:1      | Gained mutation: You are immune to rotting. [demonic ancestry]
   537 | D:1      | Reached XP level 2. HP: 22/24 MP: 3/3
   705 | D:1      | Reached skill level 1 in Dodging
  1004 | D:1      | Reached * piety under Lugonu
  1172 | D:1      | Gained mutation: You have a pair of small antennae on your head. [demonic ancestry]
  1172 | D:1      | Reached XP level 3. HP: 13/29 MP: 5/5
  1943 | D:2      | Found a runed door.
  1947 | D:2      | Noticed Crazy Yiuf
  1955 | D:2      | Killed Crazy Yiuf
  1955 | D:2      | Gained mutation: When hurt, damage is shared between your health and your magic reserves. [demonic ancestry]
  1955 | D:2      | Reached XP level 4. HP: 10/36 MP: 6/6
  2510 | D:2      | Noticed Jessica
  2518 | D:2      | Killed Jessica
  2749 | D:3      | Noticed Ijyb
  2781 | D:3      | Killed Ijyb
  2781 | D:3      | Reached XP level 5. HP: 29/42 MP: 4/7
  2967 | D:3      | Found an opulent altar of Gozag.
  3004 | D:3      | Found a deep blue altar of Sif Muna.
  3116 | D:3      | Found a white marble altar of Elyvilon.
  3528 | D:4      | Found Ychuisch's Weapon Boutique.
  3572 | D:4      | Found Asecs's Antique Weapon Shop.
  3585 | D:4      | Found Sodoxeg's Distillery.
  3588 | D:4      | Bought a potion of heal wounds for 70 gold pieces
  3588 | D:4      | Bought a potion of curing for 42 gold pieces
  3613 | D:4      | Noticed Edmund
  3747 | D:4      | Found a glowing silver altar of Zin.
  3870 | D:4      | Found Jeteanul's Jewellery Boutique.
  3994 | D:4      | Noticed a slave
  4007 | D:4      | Killed a slave
  4128 | D:4      | Noticed a slave
  4128 | D:4      | Noticed a slave
  4128 | D:4      | Noticed Pikel
  4133 | D:4      | Noticed a slave
  4193 | D:3      | HP: 1/42 [Pikel/whip of electrocution (15)]
  4459 | D:2      | Killed a slave
  4684 | D:3      | Mangled by Pikel

Vault maps used:
D:1:      evilmike_arrival_run_for_it, minmay_misc_feat_chi, lemuel_old_faithful
D:2:      uniq_crazy_yiuf_cottage, uniq_jessica
D:3:      overflow_temple_1_default, nicolae_overflow_hidden_temple,
          elyvilon_altar_4, uniq_ijyb
D:4:      old_standard_altar, first_ration, serial_shops, kennysheep_mini_moat,
          shop, shop, shop, uniq_edmund, uniq_pikel

Skill      XL: |  1  2  3  4 |
---------------+-------------+-----
Armour         | 2 |  2.8
Dodging        | 1 |  1.0
Axes           | 2 3 |  3.4
Invocations    | 3 |  3.8
Fighting       | |  3.9

Action                   |  1- 3 |  4- 6 || total
-------------------------+-------+-------++-------
Melee: Hand axe          |   135 |   165 ||   300
Invok: Depart the Abyss  |     1 |       ||     1
  Use: Scroll            |       |     6 ||     6
       Potion            |       |     1 ||     1
 Stab: Sleeping          |       |     1 ||     1
  Eat: Chunk             |     3 |     9 ||    12
Armor: Leather armour    |    34 |    25 ||    59
       Ring mail         |       |    45 ||    45
Dodge: Dodged            |    89 |    77 ||   166
Block: Other             |       |    21 ||    21

Table legend:
 A = Spawn XP
 B = Non-spawn XP
 C = Spawn XP percentage of total XP
 D = Spawn monster count
 E = Non-spawn monster count
 F = Spawn count percentage of total count
 G = Total turns spent on level
                    A         B        C        D         E        F      G
               +---------+---------+-------+---------+---------+-------+---------
         Total |       0 |     272 |   0.0 |       0 |      58 |   0.0 |  4684
               +---------+---------+-------+---------+---------+-------+---------
           D:1 |       0 |      54 |   0.0 |       0 |      29 |   0.0 |  1544
           D:2 |       0 |     138 |   0.0 |       0 |      15 |   0.0 |  1392
           D:3 |       0 |      73 |   0.0 |       0 |      11 |   0.0 |  1025
           D:4 |       0 |       7 |   0.0 |       0 |       3 |   0.0 |   589
               +---------+---------+-------+---------+---------+-------+---------
